 Dungeon Crawl Stone Soup version 0.17.0-28-g6e173f8 (webtiles) character file.

69331 4thArraOfDagon the Severer (level 14, 0/119 HPs)
             Began as a Minotaur Berserker on Nov 22, 2015.
             Was a High Priest of Trog.
             Killed from afar by a Hell Sentinel (32 damage)
             ... with a blast of hellfire
             ... in Pandemonium.
             The game lasted 00:44:44 (6057 turns).

4thArraOfDagon the Severer (Minotaur Berserker)     Turns: 6057, Time: 00:44:45

Health: 0/119      AC: 28    Str: 23    XL:     14   Next: 90%
Magic:  9/17       EV: 12    Int: 10    God:    Trog [*****.]
Gold:   136        SH:  0    Dex: 13    Spells: 0 memorised, 13 levels left

rFire  . . .     SeeInvis .     N - +9 battleaxe (chop)
rCold  + . .     Clarity  .     E - +8 chain mail "Jyusygrigah" {+Inv MR- Regen+ Stlth+}
rNeg   + + .     SustAt   .     (shield currently unavailable)
rPois  +         Gourm    .     (helmet unavailable)
rElec  .         Spirit   .     O - +2 cloak {rC+}
rCorr  .         Warding  +     M - +0 pair of gloves {Dex+3}
rMut   .         Stasis   .     i - +0 pair of boots {Stlth+}
MR     ++...                    X - amulet of warding
Stlth  +.........               a - ring of poison resistance
                                g - ring of positive energy

@: exhausted, very slightly contaminated, regenerating, slowed, very slow, very
resistant to hostile enchantments, very unstealthy
A: retaliatory headbutt, hooves 1, horns 3, camouflage 1, clever 1, frail 1
a: Berserk, Trog's Hand, Brothers in Arms, Burn Spellbooks, Renounce Religion,
Evoke Invisibility


You were in Pandemonium.
You worshipped Trog.
Trog was extremely pleased with you.
You were not hungry.

You visited 3 branches of the dungeon, and saw 26 of its levels.
You visited Pandemonium 2 times, and saw 6 of its levels.
You visited the Abyss 1 time.
You visited 1 bazaar.
You also visited: Bailey and Ice Cave.

You collected 1818 gold pieces.
You spent 1682 gold pieces at shops.

Inventory:

Hand Weapons
 F - a +3 antimagic battleaxe
 N - a +9 battleaxe of chopping (weapon)
Armour
 i - a +0 pair of boots of stealth (worn)
 y - a fire dragon hide
 E - the +8 chain mail "Jyusygrigah" (worn) {+Inv MR- Regen+ Stlth+}
   (You found it in a bailey)

   It affects your resistance to hostile enchantments.
   It lets you turn invisible.
   It increases your rate of regeneration.
   It makes you more stealthy.
 M - a +0 pair of gloves of dexterity (worn)
 O - a +2 cloak of cold resistance (worn)
Jewellery
 a - a ring of poison resistance (right hand)
 g - a ring of positive energy (left hand)
 o - an uncursed amulet of resist corrosion
 q - an uncursed ring of sustain attributes
 s - an uncursed amulet of guardian spirit
 t - an uncursed ring of see invisible
 x - an uncursed ring of protection from cold
 B - a +5 ring of dexterity
 T - a +5 ring of dexterity
 X - an amulet of warding (around neck)
Wands
 n - a wand of polymorph (24)
 v - a wand of teleportation (2)
 K - a wand of disintegration (10)
 P - a wand of digging (7)
Scrolls
 j - 2 scrolls of remove curse
 G - 2 scrolls of enchant armour
 V - a scroll of noise
Potions
 b - a potion of berserk rage
 d - 8 potions of heal wounds
 f - 7 potions of curing
 h - 2 potions of lignification
 k - 3 potions of haste
 l - a potion of degeneration
 m - 2 potions of poison
 r - 3 potions of magic {unknown}
 w - 5 potions of brilliance
 I - a potion of ambrosia
 L - 3 potions of might {unknown}
 W - 3 potions of flight
 Y - a potion of agility
Books
 u - a book of Air

   Spells                             Type                      Level
   a - Shock                          Conjuration/Air              1
   b - Swiftness                      Charms/Air                   2
   c - Repel Missiles                 Charms/Air                   2
   d - Static Discharge               Conjuration/Air              3
   e - Lightning Bolt                 Conjuration/Air              5
   Trog disapproves of the use of such an item.
 H - a book of Changes

   Spells                             Type                      Level
   a - Beastly Appendage              Transmutation                1
   b - Sticks to Snakes               Transmutation                2
   c - Spider Form                    Transmutation/Poison         3
   d - Ice Form                       Ice/Transmutation            4
   e - Blade Hands                    Transmutation                5
   Trog disapproves of the use of such an item.
 Q - a book of Air

   Spells                             Type                      Level
   a - Shock                          Conjuration/Air              1
   b - Swiftness                      Charms/Air                   2
   c - Repel Missiles                 Charms/Air                   2
   d - Static Discharge               Conjuration/Air              3
   e - Lightning Bolt                 Conjuration/Air              5
   Trog disapproves of the use of such an item.
 R - a Grand Grimoire

   Spells                             Type                      Level
   a - Monstrous Menagerie            Summoning                    6
   b - Summon Greater Demon           Summoning                    7
   c - Malign Gateway                 Summoning/Translocation      7
   d - Summon Horrible Things         Summoning                    8
   Trog disapproves of the use of such an item.
 S - the Almanac of the Fifty Moons
   (You found it on level 8 of the Lair of Beasts)

   Spells                             Type                      Level
   a - Beastly Appendage              Transmutation                1
   b - Ignite Poison                  Fire/Transmutation/Poison    3
   c - Spider Form                    Transmutation/Poison         3
   d - Hydra Form                     Transmutation                6
   Trog disapproves of the use of such an item.
 U - a book of the Tempests

   Spells                             Type                      Level
   a - Static Discharge               Conjuration/Air              3
   b - Lightning Bolt                 Conjuration/Air              5
   c - Fireball                       Conjuration/Fire             5
   d - Tornado                        Air                          9
   e - Shatter                        Earth                        9
   Trog disapproves of the use of such an item.
 Z - Sif Muna's Volume of Malediction
   (You found it on level 8 of the Lair of Beasts)

   Spells                             Type                      Level
   a - Confusing Touch                Hexes                        2
   b - Confuse                        Hexes                        3
   c - Tukima's Dance                 Hexes                        3
   d - Metabolic Englaciation         Hexes/Ice                    5
   Trog disapproves of the use of such an item.
Miscellaneous
 A - a stone of tremors
 C - a sack of spiders
Comestibles
 c - 6 bread rations
 J - 5 meat rations


   Skills:
 + Level 14.7 Fighting
 * Level 19.5 Axes
 + Level 14.5 Armour
 * Level 8.1 Dodging
 + Level 6.6 Evocations


You had 13 spell levels left.
You didn't know any spells.

Dungeon Overview and Level Annotations

Branches:
Dungeon (15/15)              Lair (8/8) D:11          Swamp (0/4) Lair:3
  Snake (0/4) Lair:5       Depths (3/5) D:15
 Temple: D:4-7        Slime: Lair:6-8       Orc: D:9-12      Vaults: D:13-14

Altars:
Gozag

Shops:
D:4 !=!*   D:7 %   D:15 :*   Depths:3 (=*:

Portals:
Hell: Depths:3
Pandemonium: Depths:3
Ziggurat: Depths:1

Annotations:
D:9 exclusion: upstairs
D:11 exclusion: downstairs


Innate Abilities, Weirdness & Mutations

You reflexively headbutt those who attack you in melee.
You have a pair of large horns on your head.
You have large cloven feet.
Your skin changes colour to match your surroundings (Stealth).
Your mind is acute. (Int +2)
You are frail (-10% HP).


Message History

A balrug comes into view. It is wielding a demon whip.
Unknown command.
Unknown command.
Unknown command.
Unknown command.
Unknown command.
Unknown command.
Unknown command.
Unknown command.
Read which item? (? for menu, Esc to quit)
Blink to where?
Press: ? - help, Dir - move target cursor You are very lightly contaminated with residual magic.
As you read the scroll of blinking, it crumbles to dust.
An orange demon comes into view.
The orange demon screeches!
The orange demon misses you. The orange demon closely misses you.
The Hell Sentinel gestures at you.
The hellfire explodes!
The blast of hellfire engulfs you!
You die...

... .. .. .##
..## ..#####4.#
.........# #@.#
#...# ##4..#
.#.##########
#.#...........
###.##..§....6..
.....1.1......2.
#..#.#.§........
# #..........


You could see a Hell Sentinel and 2 orange demons.

Vanquished Creatures
  A lich (Depths:3)
  An Ice Fiend (Pan)
  An Executioner (Pan)
  Agnes (D:15)
  Maud (Lair:4)
  An orc warlord (Bailey)
  A frost giant (IceCv)
  A reaper (Pan)
  A black sun (Pan)
  A vampire knight (Depths:3)
  A lorocyproca (Pan)
  A fire dragon (Depths:3)
  A blizzard demon (Pan)
  2 green deaths
  Josephine (Lair:5)
  An entropy weaver (Depths:3)
  3 hydras
  A monstrous demonspawn (Depths:3)
  A tengu warrior (D:15)
  A soul eater (Pan)
  A fire crab (Lair:5)
  An ice devil (Pan)
  A fire crab (shapeshifter) (D:15)
  An infernal demonspawn (Pan)
  A putrid demonspawn (Pan)
  A wizard (D:15)
  2 hill giants (D:15)
  A necromancer (D:15)
  2 deep elf conjurers (D:15)
  6 ugly things
  3 smoke demons
  An orc sorcerer (D:15)
  A black mamba (Lair:5)
  2 centaur zombies
  Joseph (D:9)
  2 elephants (Lair:8)
  An ice statue (IceCv)
  12 spiny frogs
  A gargoyle (D:11)
  3 centaur skeletons
  2 orange demons
  5 fire drakes (Lair:8)
  A hellion (Pan)
  4 komodo dragons
  2 hellwings (Pan)
  2 trolls
  A tengu conjurer (D:15)
  A red devil (Pan)
  A wind drake (shapeshifter) (Depths:1)
  2 jumping spiders (Depths:3)
  15 polar bears
  11 blink frogs
  A trapdoor spider zombie (D:14)
  2 tarantellas (Depths:3)
  Sigmund (D:5)
  4 large abominations (Pan)
  38 yaks
  5 wyverns
  A deep elf mage (D:15)
  4 wraiths (Lair:5)
  4 redbacks (Depths:3)
  A basilisk (Lair:7)
  3 mottled dragons
  A neqoxec (Depths:3)
  6 vampire mosquitoes (Lair:8)
  2 hungry ghosts (D:10)
  8 hippogriffs
  A naga (Lair:5)
  18 wolves
  5 porcupines
  4 water moccasins
  7 orc warriors
  A black bear (D:6)
  4 ice beasts
  A necrophage (D:11)
  2 ogres
  6 crocodiles
  5 centaurs
  17 giant frogs
  A wyvern skeleton (D:14)
  A scorpion (D:6)
  A jelly (D:15)
  2 killer bees (D:10)
  2 electric eels (Lair:8)
  A crimson imp (D:11)
  5 hounds
  3 giant frog skeletons
  8 orc priests
  Ijyb (D:2)
  4 iguanas
  A quasit (D:11)
  5 orc wizards
  2 worker ants (D:11)
  A hound skeleton (D:7)
  A worker ant zombie (D:11)
  6 gnolls
  11 river rats (Lair:8)
  2 adders (D:2)
  12 white imps (D:11)
  A worm (D:2)
  A giant gecko (D:9)
  22 orcs
  2 ball pythons
  A giant cockroach (D:6)
  4 goblins
  2 hobgoblins (D:2)
  4 jackals
  A quokka (D:5)
  2 giant newts
  9 kobolds
  3 rats (D:2)
  A fungus (Lair:1)
  5 plants
394 creatures vanquished.

Vanquished Creatures (collateral kills)
  3 elephants (Lair:8)
  4 spiny frogs (Lair:8)
  3 blink frogs (Lair:8)
  2 yaks (Lair:8)
  A hippogriff (D:15)
  2 vampire mosquitoes (Lair:8)
  A water moccasin (Lair:8)
  7 giant frogs (Lair:8)
  An electric eel (Lair:8)
  3 river rats (Lair:8)
  A plant (Lair:8)
28 creatures vanquished.

Vanquished Creatures (others)
  7 plants
7 creatures vanquished.

Grand Total: 429 creatures vanquished

Notes
Turn   | Place    | Note
--------------------------------------------------------------
     0 | D:1      | 4thArraOfDagon the Minotaur Berserker began the quest for the Orb.
     0 | D:1      | Reached XP level 1. HP: 19/19 MP: 0/0
    45 | D:2      | Reached skill level 4 in Axes
    45 | D:2      | Reached XP level 2. HP: 27/27 MP: 1/1
   217 | D:2      | more lab plz
   236 | D:2      | Noticed Ijyb
   238 | D:2      | Reached XP level 3. HP: 28/33 MP: 2/2
   243 | D:2      | Killed Ijyb
   318 | D:2      | more lab plz
   352 | D:4      | Found Goonaame's General Store.
   355 | D:4      | Reached XP level 4. HP: 41/41 MP: 3/3
   358 | D:4      | Reached ** piety under Trog
   363 | D:4      | Reached skill level 5 in Axes
   402 | D:4      | Reached skill level 5 in Fighting
   402 | D:4      | Reached XP level 5. HP: 48/48 MP: 4/4
   436 | D:4      | Bought a scroll of identify for 26 gold pieces
   444 | D:4      | Found Umazing's Jewellery Emporium.
   453 | D:4      | thanks for nothing
   462 | D:4      | Found Janebila's Distillery.
   470 | D:4      | same
   470 | D:4      | Bought a potion of poison for 12 gold pieces
   554 | D:4      | Found Zifo's Distillery.
   557 | D:4      | Bought a potion of curing for 33 gold pieces
   572 | D:5      | Entered Level 5 of the Dungeon
   572 | D:5      | Noticed Sigmund
   578 | D:5      | Killed Sigmund
   578 | D:5      | Reached skill level 6 in Axes
   578 | D:5      | Reached XP level 6. HP: 56/56 MP: 5/5
   651 | D:5      | Noticed a phantom
   712 | D:6      | Reached skill level 5 in Armour
   722 | D:6      | Reached skill level 7 in Axes
   722 | D:6      | Reached XP level 7. HP: 63/63 MP: 6/6
   801 | D:7      | Reached skill level 8 in Axes
   818 | D:7      | Found Sifunwud's Food Boutique.
   821 | D:7      | thanks for shops
   916 | D:8      | Reached XP level 8. HP: 71/71 MP: 5/7
   976 | D:8      | Got an ichor-stained mace
   977 | D:8      | Identified the +7 mace "Ujiesseph" {crush, *Confuse +Blink Str+3} (You found it on level 8 of the Dungeon)
   978 | D:8      | thanks for shit
  1088 | D:9      | Noticed Joseph
  1100 | D:9      | Killed Joseph
  1100 | D:9      | Reached skill level 9 in Axes
  1174 | D:9      | Reached skill level 10 in Axes
  1209 | D:9      | Reached XP level 9. HP: 44/81 MP: 4/8
  1382 | D:9      | :)
  1424 | D:9      | Found a flagged portal.
  1441 | Bailey   | Entered a bailey
  1473 | Bailey   | Noticed an orc warlord
  1483 | Bailey   | Reached *** piety under Trog
  1536 | Bailey   | Reached skill level 11 in Axes
  1575 | Bailey   | Found a runed gate.
  1576 | Bailey   | Found a runed gate.
  1577 | Bailey   | Found a runed gate.
  1663 | Bailey   | Killed an orc warlord
  1663 | Bailey   | Reached skill level 12 in Axes
  1663 | Bailey   | Reached XP level 10. HP: 91/91 MP: 6/9
  1687 | Bailey   | Got a faintly humming chain mail
  1698 | Bailey   | Gained mutation: You have a pair of large horns on your head. [potion of beneficial mutation]
  1699 | Bailey   | Lost mutation: You have a pair of large horns on your head. [potion of cure mutation]
  1700 | Bailey   | :)
  1710 | Bailey   | Identified the +8 chain mail "Jyusygrigah" {+Inv MR- Regen+ Stlth+} (You found it in a bailey)
  1710 | Bailey   | :...
  1809 | D:10     | Entered Level 10 of the Dungeon
  2009 | D:11     | Reached skill level 10 in Fighting
  2019 | D:10     | Noticed a hill giant
  2123 | D:11     | Noticed a purple ugly thing
  2128 | D:11     | Killed a purple ugly thing
  2128 | D:11     | Reached skill level 13 in Axes
  2196 | D:11     | Reached **** piety under Trog
  2202 | D:11     | Reached skill level 10 in Armour
  2265 | D:11     | Found a frozen archway.
  2301 | IceCv    | Entered an ice cave
  2347 | IceCv    | Reached skill level 14 in Axes
  2347 | IceCv    | Reached XP level 11. HP: 101/101 MP: 10/10
  2434 | IceCv    | Gained mutation: You have large cloven feet. [potion of beneficial mutation]
  2459 | IceCv    | Noticed a frost giant
  2469 | IceCv    | Killed a frost giant
  2561 | IceCv    | Reached ***** piety under Trog
  2568 | IceCv    | Reached skill level 15 in Axes
  2794 | D:11     | Found a staircase to the Lair.
  2829 | Lair:1   | Entered Level 1 of the Lair of Beasts
  2917 | Lair:1   | Received a gift from Trog
  3008 | Lair:3   | Found a staircase to the Swamp.
  3027 | Lair:4   | Noticed Maud
  3035 | Lair:4   | Killed Maud
  3035 | Lair:4   | Reached XP level 12. HP: 113/113 MP: 11/11
  3070 | Lair:4   | Reached skill level 16 in Axes
  3233 | Lair:5   | Noticed a six-headed hydra
  3250 | Lair:5   | Killed a nine-headed hydra
  3350 | Lair:8   | Entered Level 8 of the Lair of Beasts
  3391 | Lair:8   | Identified Sif Muna's Volume of Malediction (You found it on level 8 of the Lair of Beasts)
  3422 | Lair:8   | Reached skill level 1 in Evocations
  3432 | Lair:8   | Reached skill level 17 in Axes
  3518 | Lair:8   | Reached XP level 13. HP: 109/122 MP: 11/14
  3563 | Lair:8   | Identified the Almanac of the Fifty Moons (You found it on level 8 of the Lair of Beasts)
  3737 | Lair:8   | Reached skill level 18 in Axes
  3881 | Lair:5   | Noticed Josephine
  3888 | Lair:5   | Killed Josephine
  3921 | Lair:5   | Noticed a six-headed hydra
  3936 | Lair:5   | Killed a ten-headed hydra
  4067 | Lair:5   | :(
  4089 | Lair:5   | Found a staircase to the Snake Pit.
  4230 | Lair:3   | Noticed a four-headed hydra
  4248 | Lair:2   | git gut
  4390 | D:13     | Reached ****** piety under Trog
  4497 | D:14     | Received a gift from Trog
  4509 | D:15     | Entered Level 15 of the Dungeon
  4533 | D:15     | Reached skill level 5 in Evocations
  4605 | D:15     | Noticed Agnes
  4611 | D:15     | Killed Agnes
  4685 | D:15     | Reached skill level 5 in Dodging
  4707 | D:15     | will die to poison anyway
  4718 | D:15     | Reached XP level 14. HP: 54/132 MP: 8/17
  4766 | D:15     | Found Laer's Book Shoppe.
  4774 | D:15     | Found Gozag's Platinum Reserve.
  4775 | D:15     | Found an opulent altar of Gozag.
  4845 | D:15     | get no depths entrance
  4846 | D:15     | waste last mapping
  4887 | D:15     | Gained mutation: Your mind is acute. (Int +2) [potion of beneficial mutation]
  4893 | D:15     | get useless mut
  4965 | D:15     | Found a staircase to the Depths.
  4970 | Depths:1 | Entered Level 1 of the Depths
  4970 | Depths:1 | Found a gateway to a ziggurat.
  4984 | Depths:1 | right
  5008 | Depths:3 | Found Romaat's Assorted Antiques.
  5008 | Depths:3 | Found Qonuv's Jewellery Boutique.
  5008 | Depths:3 | Noticed a lich
  5019 | Depths:3 | Killed a lich
  5038 | Depths:3 | Bought an orange potion for 29 gold pieces
  5047 | Depths:3 | Bought an uncursed ring of poison resistance for 360 gold pieces
  5055 | Depths:3 | Bought a scroll of identify for 66 gold pieces
  5055 | Depths:3 | Bought a scroll of identify for 66 gold pieces
  5055 | Depths:3 | Bought a scroll of magic mapping for 115 gold pieces
  5055 | Depths:3 | Bought a paperback manual for 495 gold pieces
  5057 | Depths:3 | Gained mutation: You have a pair of large horns on your head. [potion of mutation]
  5057 | Depths:3 | Gained mutation: You are frail (-10% HP). [potion of mutation]
  5057 | Depths:3 | Gained mutation: Your skin changes colour to match your surroundings (Stealth). [potion of mutation]
  5065 | Depths:3 | Found Ruclagg's Book Shop.
  5077 | Depths:3 | Found Hiysche's Weapon Shoppe.
  5088 | Depths:3 | Found a flickering gateway to a bazaar.
  5093 | Bazaar   | Entered a bazaar
  5095 | Bazaar   | Found Osuvom's Jewellery Boutique.
  5099 | Bazaar   | Found Evept's Antique Armour Boutique.
  5099 | Bazaar   | Found Laeh's Assorted Antiques.
  5099 | Bazaar   | Found Asiapsa's Armour Boutique.
  5117 | Bazaar   | Bought a pair of glowing boots for 135 gold pieces
  5117 | Bazaar   | Bought a pair of runed gloves for 135 gold pieces
  5138 | Bazaar   | Bought a scroll of teleportation for 63 gold pieces
  5138 | Bazaar   | Bought a potion of heal wounds for 105 gold pieces
  5138 | Bazaar   | Bought a scroll of identify for 42 gold pieces
  5231 | Depths:3 | Found a gateway to Hell.
  5239 | Depths:3 | Paralysed by a vampire knight for 6 turns
  5254 | Depths:3 | Received a gift from Trog
  5376 | Depths:3 | Reached skill level 19 in Axes
  5419 | Depths:3 | Found a one-way gate leading to the halls of Pandemonium.
  5480 | Pan      | Entered Pandemonium
  5661 | Pan      | Noticed a Shadow Fiend
  5666 | Pan      | Noticed an Ice Fiend
  5678 | Pan      | Killed an Ice Fiend
  5868 | Pan      | cant even tele to rune chambers
  5941 | Pan      | or exit
  5945 | Pan      | Noticed Xyda the pandemonium lord
  5947 | Pan      | Noticed an Executioner
  5947 | Pan      | Noticed a Brimstone Fiend
  5990 | Pan      | Found an exit through the horrors of the Abyss.
  6000 | Pan      | Took an exit into the Abyss.
  6000 | Abyss:1  | Escaped into the Abyss
  6007 | Depths:3 | Escaped the Abyss
  6009 | Pan      | Entered the realm of Lom Lobon.
  6009 | Pan      | Entered Pandemonium
  6028 | Pan      | Noticed an Executioner
  6029 | Pan      | Found an exit through the horrors of the Abyss.
  6034 | Pan      | Killed an Executioner
  6054 | Pan      | Noticed a Hell Sentinel
  6056 | Pan      | Noticed a Shadow Fiend
  6057 | Pan      | Noticed a balrug
  6057 | Pan      | Killed from afar by a Hell Sentinel

Action                   |  1- 3 |  4- 6 |  7- 9 | 10-12 | 13-15 || total
-------------------------+-------+-------+-------+-------+-------++-------
Melee: Hand axe          |    20 |    49 |    27 |       |       ||    96
       Mace              |       |       |    78 |     1 |       ||    79
       Broad axe         |       |       |       |   192 |       ||   192
       Battleaxe         |       |       |       |   181 |   317 ||   498
Invok: Berserk           |     3 |     3 |    10 |     8 |    17 ||    41
       Trog's Hand       |       |     3 |     4 |     3 |    17 ||    27
       Brothers in Arms  |       |       |       |     2 |     3 ||     5
Evoke: Wand              |       |       |       |       |     8 ||     8
  Use: Scroll            |       |     2 |     6 |    12 |    22 ||    42
       Potion            |       |       |       |     4 |     5 ||     9
 Stab: Distracted        |       |       |       |     1 |       ||     1
  Eat: Pizza             |       |     1 |       |       |     1 ||     2
       Chunk             |       |     3 |    10 |    21 |    12 ||    46
       Bread ration      |       |       |     1 |       |     1 ||     2
       Fruit             |       |       |       |       |    11 ||    11
       Beef jerky        |       |       |       |       |     2 ||     2
